 Dungeon Crawl Stone Soup version 0.30.1-11-g7821555f0a (webtiles) character file.

Game seed: 11617582706218047886

110 SacredBeard the Grave Robber (level 4, -6/30 HPs)
             Began as a Demonspawn Necromancer on Dec 3, 2023.
             Killed by nerve-wracking pain
             ... invoked by an orc priest
              (13 damage)
             ... on level 3 of the Dungeon.
             The game lasted 00:05:09 (2106 turns).

SacredBeard the Grave Robber (DsNe)                 Turns: 2106, Time: 00:05:10

Health: -6/30      AC:  3    Str:  8    XL:     4   Next: 61%
Magic:  0/7        EV: 13    Int: 17    God:
Gold:   67         SH:  4    Dex: 21    Spells: 6/7 levels left

rFire   . . .        e - +0 hand axe
rCold   . . .        (no shield)
rNeg    . . .        a - +0 robe
rPois   .            k - +0 helmet
rElec   .            (no cloak)
rCorr   .            (no gloves)
SInv    .            (no boots)
Will    .....        (no amulet)
Stlth   ++           i - +4 ring of slaying
HPRegen 0.25/turn    j - +6 ring of dexterity
MPRegen 0.10/turn

%: no passive effects
@: no status effects
A: condensation shield
a: no special abilities


You were on level 3 of the Dungeon.
You visited 1 branch of the dungeon, and saw 3 of its levels.

You collected 67 gold pieces.

Inventory:

Hand Weapons
 e - a +0 hand axe (weapon)
 r - a +0 spear
Missiles
 d - a throwing net
 h - 23 stones
 o - 2 poisoned darts
Armour
 a - a +0 robe (worn)
 k - a +0 helmet (worn)
Jewellery
 i - a +4 ring of slaying (left hand)
 j - a +6 ring of dexterity (right hand)
Scrolls
 c - a scroll of fear {unknown}
 f - 3 scrolls of identify {unknown}
 g - a scroll of immolation {unknown}
 l - a scroll of magic mapping {unknown}
 m - a scroll of enchant armour {unknown}
 q - a scroll of vulnerability {unknown}
 s - a scroll of enchant weapon {unknown}
Potions
 b - a potion of magic
 n - a potion of attraction {unknown}
 p - 2 potions of cancellation {unknown}


   Skills:
 - Level 2.0 Dodging
 - Level 2.0 Stealth
 - Level 2.0 Spellcasting
 * Level 6.5 Necromancy


You had 6 spell levels left.
You knew the following spells:

 Your Spells              Type           Power      Damage    Failure   Level
a - Necrotise             Necr           92%        1d8       1%          1

Your spell library contained the following spells:

 Spells                   Type           Power      Damage    Failure   Level
 Vampiric Draining        Necr           23%        2d7       4%          3
 Animate Dead             Necr           23%        N/A       13%         4
 Agony                    Necr           23%        N/A       36%         5


Dungeon Overview and Level Annotations

Branches:
Dungeon (3/15) Zot: 15885

Altars:


Innate Abilities, Weirdness & Mutations

A meltable shield of frost defends you. (SH +4)


Message History

The orc hits your orc skeleton with a +0 short sword.
You can't see any susceptible monsters within range! (Use Z to cast anyway.)
You can't see any susceptible monsters within range! (Use Z to cast anyway.)
You can't see any susceptible monsters within range! (Use Z to cast anyway.)
You can't see any susceptible monsters within range! (Use Z to cast anyway.)
You swap places.
The orc hits you with a +0 short sword.
Things that are here:
a +0 flail; a +0 ring mail The orc writhes in agony.
A dart slug comes into view.
The orc hits you with a +0 short sword.
The orc writhes in agony.
You kill the orc!
The dead are walking!
The orc priest writhes in agony.
The orc priest hits you with a +0 club.
The orc priest writhes in agony!
Your orc skeleton barely misses something.
The orc priest hits you with a +0 club.
You are too injured to fight recklessly!
You are too injured to fight recklessly!
You are too injured to fight recklessly!
You hit the orc priest but do no damage.
The orc priest is severely wounded.
Your orc skeleton misses something.
The orc priest hits you with a +0 club.
You hit the orc priest but do no damage.
The orc priest is severely wounded.
The orc priest casts a cantrip, but nothing happens.
Your orc skeleton barely misses something.
You closely miss the orc priest.
The orc priest is severely wounded.
The orc priest calls down the wrath of Beogh upon you.
Beogh smites you!
* * * LOW HITPOINT WARNING * * *
Your orc skeleton hits something.
You closely miss the orc priest.
The orc priest is severely wounded.
The orc priest barely misses you.
Your orc skeleton misses something.
The orc priest calls down the wrath of Beogh upon you.
Pain shoots through your body!
You die... ..... ..... #...# ...
Zw.

#.# #o# #@#
#Z# #.#
######.####
#.........#
#.####.####
#.# #.# #.#


You could see an orc priest (ally target), a dart slug and 2 friendly orc
skeletons.

Vanquished Creatures
  A jelly (D:1)
  An adder (D:1)
  2 worms (D:2)
  2 dart slugs
  4 orcs (D:3)
  8 ball pythons
  3 endoplasms
  2 giant cockroaches
  2 goblins
  4 hobgoblins
  7 jackals
  2 kobolds
  2 quokkas
  4 bats (D:2)
  A frilled lizard (D:2)
  5 rats
50 creatures vanquished.

Vanquished Creatures (collateral kills)
  A goblin (D:1)
  A jackal (D:1)
2 creatures vanquished.

Grand Total: 52 creatures vanquished

Notes
Turn   | Place    | Note
-------+----------+-------------------------------------------
     0 | D:1      | SacredBeard the Demonspawn Necromancer began the quest for
                  | the Orb.
     0 | D:1      | Reached XP level 1. HP: 13/13 MP: 3/3
    68 | D:1      | Gained mutation: A meltable shield of frost defends you.
                  | (SH +4) [demonic ancestry]
    68 | D:1      | Reached XP level 2. HP: 8/19 MP: 0/5
   493 | D:1      | Reached skill level 5 in Necromancy
   983 | D:2      | Reached XP level 3. HP: 24/24 MP: 4/6
  1409 | D:1      | Reached skill level 6 in Necromancy
  1409 | D:1      | Reached XP level 4. HP: 19/30 MP: 3/7
  2106 | D:3      | Killed from afar by an orc priest

Illustrated notes

Levels and vault maps discovered:
D:1:      saegor_arrival_under_anarchy, layout_basic
D:2:      layout_loops_ring, minmay_tetromino_s4
D:3:      layout_loops_ring, trog_antimagical, minmay_overflow_temple_star_hex

Skill      XL: |  1  2  3 |
---------------+----------+-----
Dodging        | 2 |  2.0
Stealth        | 2 |  2.0
Necromancy     | 5 6 |  6.5
Spellcasting   | |  2.0

Action                     |  1- 3 |  4- 6 || total
---------------------------+-------+-------++-------
  Melee: Unarmed           |    14 |       ||    14
         Hand axe          |    11 |     5 ||    16
   Cast: Necrotise         |    54 |    29 ||    83
 Armour: Robe              |     8 |       ||     8
  Dodge: Dodged            |    38 |     5 ||    43
  Block: Other             |     6 |     2 ||     8
